CCBL
CHATHAM ANGLERS @ YARMOUTH-DENNIS RED SOX
02/22/2060
 
TOP OF THE 1ST
Chatham Anglers batting - Pitching for Yarmouth-Dennis Red Sox : RHP Ron Juriga
Pitching: RHP Ron Juriga
Batting: RHB Camron Goeschel 0-0: Ball
1-0: Ball
2-0: Foul Ball, location: 2F
2-1: Called Strike
2-2: Foul Ball, location: 2F
2-2: Foul Ball, location: 2F
2-2: Ball
3-2: DOUBLE (Line Drive, 89D, EV 110.6 MPH)
Batting: RHB Carter Miroz 0-0: Ball
1-0: Ball
2-0: Called Strike
2-1: Foul Ball, location: 2F
2-2: Strikes out swinging, 2-3 out at first.
Batting: RHB Greg Thomas 0-0: Foul Ball, location: 2F
0-1: Ball
1-1: Ball
2-1: Fly out, F4 (Popup, 34S, EV 78.1 MPH)
Batting: LHB Dennis Riggs 0-0: Called Strike
0-1: SINGLE (Line Drive, 34D, EV 98.1 MPH)
Camron Goeschel to third
Batting: LHB Brett Krueger 0-0: Called Strike
0-1: Foul Ball, location: 2F
0-2: Ball
1-2: Strikes out swinging
Top of the 1st over - 0 runs, 2 hits, 0 errors, 2 left on base; Chatham 0 - Yarmouth-Dennis 0
BOTTOM OF THE 1ST
Yarmouth-Dennis Red Sox batting - Pitching for Chatham Anglers : RHP P.D. Marin
Pitching: RHP P.D. Marin
Batting: RHB David Saur 0-0: Ball
1-0: Swinging Strike
1-1: SINGLE (Line Drive, 8LS, EV 98.8 MPH)
Batting: LHB Devin Chapman 0-0: Grounds out, U3 (Groundball, 3L, EV 91.2 MPH)
Batting: LHB Alex Cain 0-0: Ball
1-0: Ball
2-0: Called Strike
2-1: Fly out, F8 (Flyball, 8LD, EV 102.5 MPH)
Batting: LHB Montell Johnson 0-0: Swinging Strike
0-1: Ball
1-1: Ball
2-1: Called Strike
2-2: Foul Ball, location: 2F
2-2: Ground out 6-3 (Groundball, 6S, EV 85.0 MPH)
Bottom of the 1st over - 0 runs, 1 hit, 0 errors, 1 left on base; Chatham 0 - Yarmouth-Dennis 0
TOP OF THE 2ND
Chatham Anglers batting - Pitching for Yarmouth-Dennis Red Sox : RHP Ron Juriga
Batting: RHB Keon Giggetts 0-0: SINGLE (Line Drive, 9S, EV 110.0 MPH)
Batting: RHB Justyn Kenn 0-0: Ball
1-0: Reached on error, E6 (Groundball, 6, EV 86.2 MPH)
Keon Giggetts to second
Batting: RHB Chandler Palma 0-0: Grounds into double play, 4-6-3 (Groundball, 4, EV 83.8 MPH)
Keon Giggetts to third
Batting: RHB Rob Wyckoff 0-0: Ball
1-0: Called Strike
1-1: Ball
2-1: Foul Ball, location: 2F
2-2: Strikes out swinging
Top of the 2nd over - 0 runs, 1 hit, 1 error, 1 left on base; Chatham 0 - Yarmouth-Dennis 0
BOTTOM OF THE 2ND
Yarmouth-Dennis Red Sox batting - Pitching for Chatham Anglers : RHP P.D. Marin
Batting: LHB Sebastian Rogan 0-0: Ball
1-0: Called Strike
1-1: Called Strike
1-2: Fly out, F7 (Flyball, 7LS, EV 85.0 MPH)
Batting: RHB Riley Wagoner 0-0: Swinging Strike
0-1: Called Strike
0-2: Strikes out looking
Batting: RHB Lucas Plouffe 0-0: Ground out 6-3 (Groundball, 6, EV 95.0 MPH)
Bottom of the 2nd over - 0 runs, 0 hits, 0 errors, 0 left on base; Chatham 0 - Yarmouth-Dennis 0
TOP OF THE 3RD
Chatham Anglers batting - Pitching for Yarmouth-Dennis Red Sox : RHP Ron Juriga
Batting: RHB Camron Goeschel 0-0: Ball
1-0: Called Strike
1-1: Ball
2-1: Foul Ball, location: 2F
2-2: Foul Ball, location: 2F
2-2: Foul Ball, location: 2F
2-2: Foul Ball, location: 2F
2-2: Foul Ball, location: 2F
2-2: Ball
3-2: SINGLE (Flyball, 8LS, EV 92.5 MPH) - OUT at second base trying to stretch hit.
Batting: RHB Carter Miroz 0-0: Ball
1-0: Called Strike
1-1: Ball
2-1: Called Strike
2-2: Strikes out swinging
Batting: RHB Greg Thomas 0-0: Ball
1-0: Foul Ball, location: 2F
1-1: Ball
2-1: Ball
3-1: Base on Balls
Batting: LHB Dennis Riggs 0-0: Ball
Greg Thomas is caught stealing 2nd base 2-6
Top of the 3rd over - 0 runs, 1 hit, 0 errors, 0 left on base; Chatham 0 - Yarmouth-Dennis 0
BOTTOM OF THE 3RD
Yarmouth-Dennis Red Sox batting - Pitching for Chatham Anglers : RHP P.D. Marin
Batting: RHB Alex Moglia 0-0: Foul Ball, location: 2F
0-1: Ball
1-1: Fly out, F9 (Flyball, 89D, EV 105.0 MPH)
Batting: RHB Rob Stylianou 0-0: Ball
1-0: Ground out 6-3 (Groundball, 6D, EV 97.5 MPH)
Batting: RHB David Saur 0-0: Ball
1-0: Called Strike
1-1: Called Strike
1-2: Foul Ball, location: 2F
1-2: Ball
2-2: Strikes out swinging
Bottom of the 3rd over - 0 runs, 0 hits, 0 errors, 0 left on base; Chatham 0 - Yarmouth-Dennis 0
TOP OF THE 4TH
Chatham Anglers batting - Pitching for Yarmouth-Dennis Red Sox : RHP Ron Juriga
Batting: LHB Dennis Riggs 0-0: Swinging Strike
0-1: Ball
1-1: Foul Ball, location: 2F
1-2: Strikes out swinging
Batting: LHB Brett Krueger 0-0: Foul Ball, location: 2F
0-1: Fly out, F8 (Flyball, 89M, EV 86.2 MPH)
Batting: RHB Keon Giggetts 0-0: Ball
1-0: Ball
2-0: Foul Ball, location: 2F
2-1: Ball
3-1: Foul Ball, location: 2F
3-2: Foul Ball, location: 2F
3-2: Ground out 5-3 (Groundball, 56, EV 78.1 MPH)
Top of the 4th over - 0 runs, 0 hits, 0 errors, 0 left on base; Chatham 0 - Yarmouth-Dennis 0
BOTTOM OF THE 4TH
Yarmouth-Dennis Red Sox batting - Pitching for Chatham Anglers : RHP P.D. Marin
Batting: LHB Devin Chapman 0-0: Ball
1-0: Ball
2-0: Ball
3-0: Base on Balls
Batting: LHB Alex Cain 0-0: Foul Ball, location: 2F
0-1: 2-RUN HOME RUN (Flyball, 9D, EV 95.6 MPH), Distance : 359 ft
Batting: LHB Montell Johnson 0-0: Ball
1-0: Called Strike
1-1: Ball
2-1: Called Strike
2-2: SINGLE (Flyball, 8RS, EV 91.2 MPH)
Batting: LHB Sebastian Rogan 0-0: Swinging Strike
0-1: Ball
1-1: Ball
2-1: Called Strike
2-2: Fly out, F6 (Popup, 6, EV 57.5 MPH)
Batting: RHB Riley Wagoner 0-0: SINGLE (Flyball, 5D, EV 90.0 MPH)
Montell Johnson to second
Batting: RHB Lucas Plouffe 0-0: Ball
1-0: Ball
2-0: Called Strike
2-1: Ball
3-1: Base on Balls
Montell Johnson to third
Riley Wagoner to second
Batting: RHB Alex Moglia 0-0: Foul Ball, location: 2F
0-1: Ball
1-1: Ground out 5-3 (Groundball, 56S, EV 66.2 MPH)
Montell Johnson scores
Riley Wagoner to third
Lucas Plouffe to second
Batting: RHB Rob Stylianou 0-0: Ball
1-0: Ground out 6-3 (Groundball, 6, EV 110.6 MPH)
Bottom of the 4th over - 3 runs, 3 hits, 0 errors, 2 left on base; Chatham 0 - Yarmouth-Dennis 3
TOP OF THE 5TH
Chatham Anglers batting - Pitching for Yarmouth-Dennis Red Sox : RHP Ron Juriga
Batting: RHB Justyn Kenn 0-0: Fly out, F4 (Popup, 3S, EV 85.0 MPH)
Batting: RHB Chandler Palma 0-0: Called Strike
0-1: Foul Ball, location: 2F
0-2: Ball
1-2: Fly out, F9 (Flyball, 89D, EV 105.0 MPH)
Batting: RHB Rob Wyckoff 0-0: Ball
1-0: Called Strike
1-1: Foul Ball, location: 2F
1-2: Ball
2-2: Ball
3-2: Fly out, F4 (Popup, 34, EV 69.4 MPH)
Top of the 5th over - 0 runs, 0 hits, 0 errors, 0 left on base; Chatham 0 - Yarmouth-Dennis 3
BOTTOM OF THE 5TH
Yarmouth-Dennis Red Sox batting - Pitching for Chatham Anglers : RHP P.D. Marin
Batting: RHB David Saur 0-0: Ball
1-0: Fly out, F7 (Line Drive, 7LM, EV 110.6 MPH)
Batting: LHB Devin Chapman 0-0: Ball
1-0: Foul Ball, location: 2F
1-1: Ball
2-1: Foul Ball, location: 2F
2-2: Foul Ball, location: 2F
2-2: Ball
3-2: Fly out, F7 (Flyball, 78S, EV 95.6 MPH)
Batting: LHB Alex Cain 0-0: Swinging Strike
0-1: Ball
1-1: Foul Ball, location: 2F
1-2: Fly out, F7 (Flyball, 7D, EV 88.8 MPH)
Bottom of the 5th over - 0 runs, 0 hits, 0 errors, 0 left on base; Chatham 0 - Yarmouth-Dennis 3
TOP OF THE 6TH
Chatham Anglers batting - Pitching for Yarmouth-Dennis Red Sox : RHP Ron Juriga
Batting: RHB Camron Goeschel 0-0: Foul Ball, location: 2F
0-1: Foul Ball, location: 2F
0-2: Ball
1-2: Fly out, F8 (Flyball, 8LM, EV 90.0 MPH)
Batting: RHB Carter Miroz 0-0: Called Strike
0-1: Called Strike
0-2: Ground out 3-1 (Groundball, 34, EV 83.8 MPH)
Batting: RHB Greg Thomas 0-0: Called Strike
0-1: Ground out 2-3 (Groundball, 2L, EV 70.0 MPH)
Top of the 6th over - 0 runs, 0 hits, 0 errors, 0 left on base; Chatham 0 - Yarmouth-Dennis 3
BOTTOM OF THE 6TH
Yarmouth-Dennis Red Sox batting - Pitching for Chatham Anglers : RHP P.D. Marin
Batting: LHB Montell Johnson 0-0: Called Strike
0-1: Foul Ball, location: 2F
0-2: Foul Ball, location: 2F
0-2: Ball
1-2: Strikes out swinging
Batting: LHB Sebastian Rogan 0-0: Ball
1-0: Ball
2-0: Ball
3-0: Base on Balls
Batting: RHB Riley Wagoner 0-0: Ball
1-0: Ball
2-0: Called Strike
2-1: SINGLE (Groundball, 6D, EV 106.9 MPH)
Sebastian Rogan to second
Pitching: RHP Nathan Crandall
Batting: RHB Lucas Plouffe 0-0: Called Strike
0-1: SINGLE (Groundball, 56D, EV 104.4 MPH)
Sebastian Rogan to third
Riley Wagoner to second
Batting: RHB Alex Moglia 0-0: Foul Ball, location: 2F
0-1: Ball
1-1: Ball
2-1: Foul Ball, location: 2F
2-2: Foul Ball, location: 2F
2-2: Fly out, F4 (Popup, 4MD, EV 43.1 MPH)
Batting: RHB Rob Stylianou 0-0: Ball
1-0: Fly out, F9 (Line Drive, 9S, EV 98.1 MPH)
Bottom of the 6th over - 0 runs, 2 hits, 0 errors, 3 left on base; Chatham 0 - Yarmouth-Dennis 3
TOP OF THE 7TH
Chatham Anglers batting - Pitching for Yarmouth-Dennis Red Sox : RHP Ron Juriga
Pitching: RHP Charlie Lawrence
Batting: LHB Dennis Riggs 0-0: Ball
1-0: Ball
2-0: Ball
3-0: Base on Balls
Batting: LHB Brett Krueger 0-0: Ball
1-0: Ball
Dennis Riggs steals 2nd base
2-0: Ball
3-0: Called Strike
3-1: Fly out, F9 (Flyball, 89M, EV 95.6 MPH)
Batting: RHB Keon Giggetts 0-0: Called Strike
0-1: Ball
1-1: DOUBLE (Flyball, 89XD, EV 115.0 MPH)
Dennis Riggs scores
Batting: RHB Justyn Kenn 0-0: Ball
1-0: Swinging Strike
1-1: Called Strike
1-2: Fly out, F8 (Flyball, 8RD, EV 90.0 MPH)
Runner from 2nd tags up, SAFE at 3rd with throw by CF
Batting: RHB Chandler Palma 0-0: Ball
1-0: Called Strike
1-1: Called Strike
1-2: Ball
2-2: Strikes out swinging
Top of the 7th over - 1 run, 1 hit, 0 errors, 1 left on base; Chatham 1 - Yarmouth-Dennis 3
BOTTOM OF THE 7TH
Yarmouth-Dennis Red Sox batting - Pitching for Chatham Anglers : RHP Nathan Crandall
Batting: RHB David Saur 0-0: Called Strike
0-1: Swinging Strike
0-2: Ball
1-2: Strikes out swinging
Batting: LHB Devin Chapman 0-0: Ball
1-0: Ball
2-0: Called Strike
2-1: Ball
3-1: Foul Ball, location: 2F
3-2: Base on Balls
Batting: LHB Alex Cain 0-0: Called Strike
0-1: SINGLE (Groundball, 6MD, EV 103.1 MPH)
Devin Chapman to second
Runner from 2nd tries for 3rd, OUT! 8-5
Alex Cain to second
Batting: LHB Montell Johnson 0-0: Ball
1-0: Called Strike
1-1: Foul Ball, location: 2F
1-2: Ball
2-2: Hit by Pitch
Batting: LHB Sebastian Rogan 0-0: Called Strike
Alex Cain steals 3rd, throwing error, E2
Alex Cain scores
Montell Johnson to third
0-1: Ball
1-1: Called Strike
1-2: Strikes out looking
Bottom of the 7th over - 1 run, 1 hit, 1 error, 1 left on base; Chatham 1 - Yarmouth-Dennis 4
TOP OF THE 8TH
Chatham Anglers batting - Pitching for Yarmouth-Dennis Red Sox : RHP Charlie Lawrence
Batting: RHB Rob Wyckoff 0-0: Fly out, F8 (Flyball, 8RM, EV 85.0 MPH)
Batting: RHB Camron Goeschel 0-0: Called Strike
0-1: Called Strike
0-2: Ball
1-2: Ground out 5-3 (Groundball, 56S, EV 80.0 MPH)
Batting: RHB Carter Miroz 0-0: Ball
1-0: Called Strike
1-1: Swinging Strike
1-2: Ball
2-2: Ball
3-2: Base on Balls
Batting: RHB Greg Thomas 0-0: Ball
1-0: Ball
2-0: Fly out, F4 (Popup, 4, EV 67.5 MPH)
Top of the 8th over - 0 runs, 0 hits, 0 errors, 1 left on base; Chatham 1 - Yarmouth-Dennis 4
BOTTOM OF THE 8TH
Yarmouth-Dennis Red Sox batting - Pitching for Chatham Anglers : RHP Nathan Crandall
Batting: RHB Riley Wagoner 0-0: Ball
1-0: Called Strike
1-1: Called Strike
1-2: Foul Ball, location: 2F
1-2: Foul Ball, location: 2F
1-2: Foul Ball, location: 2F
1-2: Ball
2-2: SINGLE (Groundball, 5D, EV 93.8 MPH)
Batting: RHB Lucas Plouffe 0-0: Ball
1-0: Ball
2-0: Bunted foul
2-1: Bunt missed!
2-2: Fly out, F9 (Line Drive, 89M, EV 106.2 MPH)
Pitching: RHP Wyatt Blackmer
Batting: RHB Alex Moglia 0-0: Swinging Strike
0-1: Ball
1-1: Ball
2-1: Ball
3-1: Swinging Strike
3-2: SINGLE (Line Drive, 7LS, EV 95.6 MPH)
Riley Wagoner to second
Batting: RHB Rob Stylianou 0-0: Swinging Strike
0-1: Ball
1-1: Swinging Strike
1-2: Fly out, F8 (Flyball, 8RXD, EV 85.0 MPH)
Runner from 2nd tags up, SAFE at 3rd, no throw by CF
Batting: RHB David Saur 0-0: Ball
1-0: Ball
2-0: Ball
3-0: Called Strike
3-1: Ground out 5-3 (Groundball, 56S, EV 91.9 MPH)
Bottom of the 8th over - 0 runs, 2 hits, 0 errors, 2 left on base; Chatham 1 - Yarmouth-Dennis 4
TOP OF THE 9TH
Chatham Anglers batting - Pitching for Yarmouth-Dennis Red Sox : RHP Charlie Lawrence
Pitching: RHP Dave Files
Batting: LHB Dennis Riggs 0-0: Swinging Strike
0-1: Ground out 4-3 (Groundball, 4, EV 82.5 MPH)
Batting: LHB Brett Krueger 0-0: Ball
1-0: Called Strike
1-1: Fly out, F8 (Flyball, 8RM, EV 85.6 MPH)
Batting: RHB Keon Giggetts 0-0: Called Strike
0-1: SINGLE (Groundball, 6M, EV 101.9 MPH) (infield hit)
Batting: RHB Justyn Kenn 0-0: Ball
1-0: Foul Ball, location: 2F
1-1: Fly out, F8 (Line Drive, 8RD, EV 108.8 MPH)
Top of the 9th over - 0 runs, 1 hit, 0 errors, 1 left on base; Chatham 1 - Yarmouth-Dennis 4
Tuesday, April 16th , 2024 - OOTP Baseball 23.10 Build 110